 Dungeon Crawl Stone Soup version 0.16.0-17-g811c1d7 (webtiles) character file.

115 HungrySpirit the Sneak (level 4, -3/21 HPs)
             Began as a Spriggan Ice Elementalist on Mar 20, 2015.
             Killed from afar by a hobgoblin (5 damage)
             ... with a wand of frost
             ... on level 3 of the Dungeon.
             The game lasted 00:10:06 (3189 turns).

HungrySpirit the Sneak (Spriggan Ice Elementalist)  Turns: 3189, Time: 00:10:07

Health: -3/21      AC:  2    Str:  4    XL:     4   Next: 68%
Magic:  12/12      EV: 20    Int: 16    God:
Gold:   53         SH:  0    Dex: 17    Spells: 3 memorised, 2 levels left

rFire  . . .     SeeInvis +     l - +0 short sword
rCold  . . .     Clarity  .     a - +0 robe
rNeg   . . .     SustAb   .     (shield restricted)
rPois  .         Gourm    .     (helmet restricted)
rElec  .         Spirit   .     (no cloak)
rCorr  .         Warding  .     (gloves unavailable)
rMut   .         Stasis   .     (boots unavailable)
MR     .....                    (no amulet)
Stlth  +++.......               (no ring)
                                h - ring of invisibility

@: very quick, not resistant to hostile enchantments, fairly stealthy
A: unfitting armour, see invisible, herbivore 3, speed 3, slow metabolism 2
a: Evoke Invisibility


You were on level 3 of the Dungeon.
You were not hungry.

You visited 1 branch of the dungeon, and saw 3 of its levels.

You collected 53 gold pieces.

Inventory:

Hand weapons
 d - a +0 dagger
 l - a +0 short sword (weapon)
 q - a +0 blowgun
Missiles
 r - 8 poisoned needles
Armour
 a - a +0 robe (worn)
Jewellery
 h - a ring of invisibility (left hand)
 k - an uncursed amulet of faith {unknown}
Magical devices
 m - a wand of frost (24)
Scrolls
 e - 3 scrolls of identify {unknown}
 f - a scroll of noise {unknown}
 j - 2 scrolls of blinking {unknown}
 o - a scroll of magic mapping {unknown}
Potions
 g - a potion of degeneration {unknown}
 i - a potion of restore abilities {unknown}
 n - a potion of flight {unknown}
 p - a potion of curing {unknown}
Books
 b - a book of Frost

   Spells                             Type                      Level
   a - Freeze                         Ice                          1
   b - Throw Frost                    Conjuration/Ice              2
   c - Ozocubu's Armour               Charms/Ice                   3
   d - Throw Icicle                   Conjuration/Ice              4
   e - Summon Ice Beast               Ice/Summoning                4
   f - Condensation Shield            Ice                          4
Comestibles
 c - a bread ration


   Skills:
 + Level 2.1 Short Blades
 * Level 4.7 Dodging
 + Level 4.8 Stealth
 - Level 2.6 Spellcasting
 - Level 0.6 Conjurations
 - Level 2.4 Ice Magic
 * Level 2.2 Evocations


You had 2 spell levels left.
You knew the following spells:

 Your Spells              Type           Power        Failure   Level  Hunger
a - Freeze                Ice            #...         10%         1    #......
b - Ozocubu's Armour      Chrm/Ice       #.......     38%         3    ###....
c - Throw Frost           Conj/Ice       #.....       17%         2    ##.....


Dungeon Overview and Level Annotations

Branches:
Dungeon (3/15)

Altars:
Vehumet
Yredelemnul


Innate Abilities, Weirdness & Mutations

You are tiny and cannot use many weapons and most armour.
You have supernaturally acute eyesight.
You are a herbivore.
You cover ground extremely quickly.
You need consume almost no food.


Message History

q - a blowgun;
r - 8 poisoned needles
Found a stone staircase leading down.
A kobold comes into view. It is wielding a whip.
Found a hardcover book.
Found a radiant altar of Vehumet.
A hobgoblin comes into view.
A goblin comes into view. It is wielding a club.
The helpless kobold fails to defend itself.
You puncture the kobold!!
You kill the kobold!
The hobgoblin shouts!
The hobgoblin zaps a wand.
The puff of frost hits you!
It is a wand of frost.
A hobgoblin comes into view.
Saving game... please wait.
Welcome back, HungrySpirit the Spriggan Ice Elementalist.
Press ? for a list of commands and other information.
You start resting.
The hobgoblin zaps a wand.
The puff of frost hits you!
* * * LOW HITPOINT WARNING * * *
The hobgoblin zaps a wand.
The puff of frost hits you!
You die...

.............)..#
.(..............#
.........###.####
........###.##
###.####....# #.
#....# #. #....#
#....# #..@.#
#....# #.####.##
.. #.#
#####.###.#
...:.#..##.#
.#....#.##.#
..g......#g#
#g_.#.....#.#


You could see a hobgoblin.

Vanquished Creatures
  3 adders (D:2)
  A giant mite (D:3)
  3 worms (D:2)
  2 giant geckos (D:1)
  2 ball pythons
  9 bats
  5 goblins (D:1)
  6 hobgoblins
  3 jackals (D:2)
  11 kobolds
  5 giant newts
  11 rats
61 creatures vanquished.

Notes
Turn   | Place    | Note
--------------------------------------------------------------
     0 | D:1      | HungrySpirit, the Spriggan Ice Elementalist, began the quest for the Orb.
     0 | D:1      | Reached XP level 1. HP: 9/9 MP: 4/4
   299 | D:1      | Reached XP level 2. HP: 13/13 MP: 7/7
   518 | D:1      | Reached skill level 1 in Short Blades
   739 | D:1      | Reached skill level 4 in Dodging
  1307 | D:1      | Reached XP level 3. HP: 16/16 MP: 6/9
  1946 | D:2      | Learned a level 3 spell: Ozocubu's Armour
  2202 | D:2      | Found a basalt altar of Yredelemnul.
  2208 | D:2      | Reached skill level 1 in Evocations
  2323 | D:2      | Learned a level 2 spell: Throw Frost
  2423 | D:2      | Reached XP level 4. HP: 21/21 MP: 5/12
  3170 | D:3      | Found a radiant altar of Vehumet.
  3189 | D:3      | Killed from afar by a hobgoblin

Action                   |  1- 3 |  4- 6 || total
-------------------------+-------+-------++-------
Melee: Dagger            |    98 |       ||    98
       Short sword       |    12 |    45 ||    57
 Cast: Freeze            |    37 |    17 ||    54
 Stab: Sleeping          |     5 |     4 ||     9
       Distracted        |     1 |       ||     1
